 Dungeon Crawl Stone Soup version 0.30-a0-116-g3b1a8e4ee4 (webtiles) character file.

Game seed: 14558545019065176810

143 porpoise the Trooper (level 5, 0/41 HPs)
             Began as a Demonspawn Gladiator on Sept 13, 2022.
             Slain by an orc priest
             ... wielding a +0 trident
              (5 damage)
             ... on level 3 of the Dungeon.
             The game lasted 00:06:49 (2964 turns).

porpoise the Trooper (Demonspawn Gladiator)         Turns: 2964, Time: 00:06:50

Health: 0/41       AC:  6    Str: 16    XL:     5   Next: 4%
Magic:  5/5        EV: 11    Int: 10    God:
Gold:   66         SH:  0    Dex: 14    Spells: 4/4 levels left

rFire   . . .      SeeInvis .    a - +0 trident
rCold   . . .      Faith    .    (no shield)
rNeg    . . .      Spirit   .    m - +0 ring mail
rPois   .          Reflect  .    c - +0 helmet
rElec   .          Harm     .    (no cloak)
rCorr   .          Rampage  .    (no gloves)
Will    .....                    (no boots)
Stlth   +.........               (no amulet)
HPRegen 0.13/turn                (no ring)
MPRegen 0.18/turn                (no ring)

@: no status effects
A: claws 1, magic regeneration, weakness stinger 1
a: no special abilities


You were on level 3 of the Dungeon.
You visited 1 branch of the dungeon, and saw 3 of its levels.

You collected 66 gold pieces.

Inventory:

Hand Weapons
 a - a +0 trident (weapon)
 b - a +1 sling of flaming
Missiles
 d - 3 throwing nets (quivered)
 e - a javelin
 t - 10 poisoned darts
Armour
 c - a +0 helmet (worn)
 m - a +0 ring mail (worn)
Wands
 i - a wand of iceblast (8)
Scrolls
 f - 2 scrolls of enchant armour {unknown}
 l - a scroll of torment {unknown}
 p - a scroll of butterflies {unknown}
 q - 4 scrolls of identify {unknown}
 s - a scroll of immolation {unknown}
Potions
 g - a potion of attraction {unknown}
 h - a potion of flight {unknown}
 j - a potion of haste {unknown}
 k - a potion of curing
 n - a potion of heal wounds {unknown}
 o - a potion of cancellation {unknown}
 r - a potion of might {unknown}
 u - a potion of lignification {unknown}
 v - 2 potions of berserk rage {unknown}


   Skills:
 + Level 3.4 Fighting
 - Level 3.0 Polearms
 - Level 1.7 Throwing
 - Level 2.6 Dodging
 * Level 3.1 Unarmed Combat


You had 4 spell levels left.
You didn't know any spells.
Your spell library was empty.

Dungeon Overview and Level Annotations

Branches:
Dungeon (3/15)

Altars:

Portals:
Abyss: D:3

Annotations:
D:3 2 transporters, flotson's ghost, weakling DsDe


Innate Abilities, Weirdness & Mutations

You have sharp fingernails.
You regenerate magic rapidly.
You have a small tail.


Message History

Jessica hits you with a +0 dagger.
The orc priest mumbles some strange prayers to Beogh against you.
Beogh smites you!
You are too injured to fight recklessly!
You are too injured to fight recklessly!
You hit Jessica but do no damage. Jessica hits you with a +0 dagger.
You hit Jessica.
Jessica is heavily wounded.
Jessica barely misses you.
You puncture Jessica!
You kill Jessica!
Your Unarmed Combat skill increases to level 3!
You have reached level 5!
Your demonic ancestry asserts itself...
Your magic begins to regenerate rapidly.
You barely miss the orc. The orc hits you with a +0 dagger.
The orc priest miscasts a cantrip.
You closely miss the orc.
Your tail-slap misses the orc.
The orc hits you but does no damage.
The orc priest calls down the wrath of Beogh upon you.
Beogh smites you!
* * * LOW HITPOINT WARNING * * *
Unknown command.
It was a potion of curing.
You feel better. The orc closely misses you. The orc priest closely misses you.
You hit the orc.
Your tail-slap misses the orc.
The orc is almost dead.
The orc completely misses you.
The orc priest hits you from afar with a +0 trident.
* * * LOW HITPOINT WARNING * * *
You puncture the orc!
You kill the orc!
The orc priest closely misses you. The orc priest barely misses you.
The orc priest hits you with a +0 trident.
* * * LOW HITPOINT WARNING * * *
Items here: ))) [ ††.
You hit the orc priest.
The orc priest is moderately wounded.
The orc priest hits you with a +0 trident.
You die...

... .oo. o..@# ...## .o. .#
#.## ########.# #..#
##..>...#.##
##.####..........##.
#.o@..........[....#
#####..........# .#
#..........# ..
#..........# ..
#.......†..# #.#
##........###..#
#..........#..##
########..........#.##.
.####....................#.


You could see an orc priest.

Vanquished Creatures
  Jessica (D:3)
  Ijyb (D:3)
  2 adders
  2 worms (D:2)
  3 dart slugs
  3 orcs (D:3)
  7 ball pythons
  5 bats
  4 endoplasms (D:1)
  3 giant cockroaches
  4 goblins (D:1)
  6 hobgoblins
  4 jackals (D:2)
  A quokka (D:2)
  2 frilled lizards (D:1)
  8 kobolds
  3 rats
59 creatures vanquished.

Notes
Turn   | Place    | Note
-------+----------+-------------------------------------------
     0 | D:1      | porpoise the Demonspawn Gladiator began the quest for the
                  | Orb.
     0 | D:1      | Reached XP level 1. HP: 16/16 MP: 1/1
   119 | D:1      | Discovered your monstrous ancestry.
   119 | D:1      | Gained mutation: You have sharp fingernails. [demonic
                  | ancestry]
   119 | D:1      | Reached XP level 2. HP: 23/23 MP: 2/2
   367 | D:1      | Reached skill level 1 in Unarmed Combat
   539 | D:1      | Reached XP level 3. HP: 28/28 MP: 3/3
   563 | D:1      | Found a faded altar of an unknown god.
  2155 | D:2      | Gained mutation: You have a small tail. [demonic ancestry]
  2155 | D:2      | Reached XP level 4. HP: 15/35 MP: 4/4
  2623 | D:3      | Found a transporter.
  2630 | D:3      | Found a transporter.
  2640 | D:3      | Noticed Ijyb
  2651 | D:3      | Killed Ijyb
  2822 | D:3      | Noticed a small abomination
  2858 | D:3      | Noticed flotson's ghost (weakling DsDe)
  2876 | D:3      | Noticed a kobold brigand
  2885 | D:3      | Found a one-way gate to the infinite horrors of the Abyss.
  2942 | D:3      | Noticed Jessica
  2957 | D:3      | Killed Jessica
  2958 | D:3      | Gained mutation: You regenerate magic rapidly. [demonic
                  | ancestry]
  2958 | D:3      | Reached XP level 5. HP: 16/41 MP: 5/5
  2964 | D:3      | Slain by an orc priest

Illustrated notes

Levels and vault maps discovered:
D:1:      tarquinn_simple_flora_water_c, layout_loops_cross,
          hellmonk_ecumenical_altar_inner_sanctum, minmay_pentomino_w2
D:2:      layout_loops_corners
D:3:      layout_rooms, nicolae_wu_jian_wuxing_cycle,
          gammafunk_ghost_abyssal_escape, serial_bayou_pond_a, uniq_jessica,
          uniq_ijyb, uniq_natasha

Skill      XL: |  1  2  3  4 |
---------------+-------------+-----
Polearms       | 3 |  3.0
Unarmed Combat | 1 2 3 |  3.1
Fighting       | 3 |  3.4
Throwing       | |  1.7
Dodging        | |  2.6

Action                   |  1- 3 |  4- 6 || total
-------------------------+-------+-------++-------
Melee: Trident           |   153 |    40 ||   193
       Tailslap          |       |     1 ||     1
 Fire: Sling             |     6 |       ||     6
Throw: Dart              |     3 |     6 ||     9
  Use: Potion            |       |     1 ||     1
 Stab: Distracted        |     1 |       ||     1
Armor: Leather armour    |    15 |       ||    15
       Ring mail         |    22 |    14 ||    36
Dodge: Dodged            |    71 |    15 ||    86

Table legend: (Time is in decaauts)
 A = Elapsed time spent in this place.
 B = Non-inter-level travel time spent in this place.
 C = Inter-level travel time spent in this place.
 D = Time resting spent in this place.
 E = Time spent auto-exploring this place.
 F = Levels seen in this place.
 G = Mean time per level.
                   A        B        C        D        E       F      G
               +--------+--------+--------+--------+--------+-----+--------+
         Total |   2993 |   2949 |     44 |   1099 |   1301 |   3 |  997.7 |
       Dungeon |   2993 |   2949 |     44 |   1099 |   1301 |   3 |  997.7 |
               +--------+--------+--------+--------+--------+-----+--------+

Top non-repeatable levels by time:
     D:2: 1549 daAuts
     D:1: 1167 daAuts
     D:3: 275 daAuts
